 Dungeon Crawl Stone Soup version 0.28-a0-461-g2dc4ca5097 (webtiles) character file.

Game seed: 7739240327879281366

1 flotson the Sneak (level 1, -4/18 HPs)
             Began as a Formicid Delver on Sept 13, 2021.
             Shot with a sling bullet by a hobgoblin (7 damage)
             ... on level 3 of the Dungeon.
             The game lasted 00:00:34 (83 turns).

flotson the Sneak (Formicid Delver)                   Turns: 83, Time: 00:00:35

Health: -4/18      AC:  3    Str: 16    XL:     1   Next: 22%
Magic:  1/1        EV: 11    Int:  9    God:
Gold:   0          SH:  0    Dex: 12    Spells: 0/0 levels left

rFire   . . .      SeeInvis +   a - +0 hand axe
rCold   . . .      Faith    .   (no shield)
rNeg    . . .      Spirit   .   b - +0 leather armour
rPois   .          Reflect  .   (helmet unavailable)
rElec   .          Harm     .   (no cloak)
rCorr   .          Rampage  .   (no gloves)
Will    .....                   (no boots)
Stlth   +++.......              (no amulet)
HPRegen 0.06/turn               (no ring)
MPRegen 0.07/turn               (no ring)

@: no status effects
A: permanent stasis, dig shafts and tunnels, antennae 3, four strong arms
a: Dig, Shaft Self


You were on level 3 of the Dungeon.
You visited 1 branch of the dungeon, and saw 3 of its levels.

Inventory:

Hand Weapons
 a - a +0 hand axe (weapon)
Armour
 b - a +0 leather armour (worn)
Wands
 f - a wand of digging (3)
Scrolls
 c - a scroll of fog
 d - 2 scrolls of magic mapping
 e - a scroll of fear
 g - a scroll of identify {unknown}


   Skills:
 + Level 3.3 Fighting
 + Level 2.0 Axes
 + Level 0.1 Armour
 + Level 1.8 Dodging
 - Level 6.0 Stealth


You couldn't memorise any spells.
You didn't know any spells.
Your spell library was empty.

Dungeon Overview and Level Annotations

Branches:
Dungeon (5/15)
 Temple: D:4-7

Altars:


Innate Abilities, Weirdness & Mutations

You cannot be hasted, slowed, berserked, paralysed or teleported.
You can dig through walls and to a lower floor.
You have a pair of large antennae on your head. (SInv)
Your four strong arms can wield two-handed weapons with a shield.


Message History

Unknown command.
Unknown command.
A quokka comes into view.
You hit the quokka.
You kill the quokka!
No target in view!
No target in view!
No target in view!
No target in view!
No target in view!
d - 2 scrolls of magic mapping (gained 1)
You sense a monster nearby.
An iguana comes into view.
Found a scroll labelled PEAMPOR YSEHI.
Found a stone staircase leading up.
g - a scroll labelled PEAMPOR YSEHI
There is a stone staircase leading up here.
You climb upwards.
Found a stone staircase leading up.
There is a stone staircase leading down here.
An adder comes into view.
There is a stone staircase leading up here.
You climb upwards.
Found 29 gold pieces.
Found a stone staircase leading down.
There is a stone staircase leading down here.
Found a stone staircase leading up.
A goblin comes into view. It is wielding a +0 hunting sling.
The orc shouts!
The goblin shouts!
You hear a shout! x2
A hobgoblin comes into view. It is wielding a +0 hunting sling.
The goblin moves out of view.
A goblin comes into view. It is wielding a +0 hunting sling.
The hobgoblin shoots a sling bullet.
The sling bullet hits you!
Ouch! That really hurt!
There is a stone staircase leading up here.
The goblin shoots a stone.
The stone hits you.
* * * LOW HITPOINT WARNING * * *
The orc hits you with a +0 club.
* * * LOW HITPOINT WARNING * * *
The hobgoblin shoots a sling bullet.
The sling bullet hits you!
You die...

#######$#
≈#..#$.#
.....###
#......###
###>......>.
#..#.#.###.
##.#$..#
#.#..## #.@o.#
#..#.# ........
........{...
..........gg...
≈≈..≈≈.≈..≈....
≈≈≈≈≈≈≈≈≈≈g....
≈≈≈≈≈≈≈≈≈≈≈...


You could see an orc, a hobgoblin and a goblin.

Vanquished Creatures
  A quokka (D:5)
1 creature vanquished.

Notes
Turn   | Place    | Note
-------+----------+-------------------------------------------
     0 | D:5      | flotson the Formicid Delver began the quest for the Orb.
     0 | D:5      | Reached XP level 1. HP: 18/18 MP: 1/1
    40 | D:5      | Noticed an iguana
    83 | D:3      | Shot with a sling bullet by a hobgoblin

Illustrated notes

Levels and vault maps discovered:
D:3:      minmay_goblin_kobold_castle, layout_rooms, general_overflow_altar,
          ebering_ecumenical_altar_webs, minmay_misc_feat_pillars,
          amcnicky_mini_rare_corridor_liquid, roderic_roman_lattice
D:4:      layout_basic, mainiacjoe_overflow_two_lobes,
          minmay_temple_entry_overgrown
D:5:      layout_rooms, nicolae_tso_carved_into_rock

Action                   || total
-------------------------++-------
Melee: Hand axe          ||     1

Table legend: (Time is in decaauts)
 A = Elapsed time spent in this place.
 B = Non-inter-level travel time spent in this place.
 C = Inter-level travel time spent in this place.
 D = Time resting spent in this place.
 E = Time spent auto-exploring this place.
 F = Levels seen in this place.
 G = Mean time per level.
                   A        B        C        D        E       F      G
               +--------+--------+--------+--------+--------+-----+--------+
         Total |     82 |     82 |      0 |      0 |     41 |   3 |   27.3 |
       Dungeon |     82 |     82 |      0 |      0 |     41 |   3 |   27.3 |
               +--------+--------+--------+--------+--------+-----+--------+

Top non-repeatable levels by time:
     D:5: 59 daAuts
     D:4: 18 daAuts
     D:3: 4 daAuts
